 Dungeon Crawl Stone Soup version 0.30-a0-956-gcec3b41aec (webtiles) character file.

Game seed: 7021481969398682575

65 hellse the Insei (level 4, 0/34 HPs)
             Began as a Djinni Warper on Mar 29, 2023.
             Was a Follower of Okawaru.
             Slain by an ufetubus (4 damage)
             ... on level 3 of the Dungeon.
             The game lasted 00:03:27 (1377 turns).

hellse the Insei (Djinni Warper)                    Turns: 1377, Time: 00:03:27

Health: 0/34       AC:  5    Str: 12    XL:     4   Next: 35%
Gold:   101        EV: 10    Int: 15    God:    Okawaru [*.....] SH:  0 Dex: 12

rFire   + + .      SeeInvis .      - Unarmed
rCold   x . .      Faith    .    (no shield)
rNeg    . . .      Spirit   .    i - +0 ring mail
rPois   ∞          Reflect  .    (no helmet)
rElec   .          Rampage  .    (no cloak)
rCorr   .                        (no gloves)
Will    .....                    (boots unavailable)
Stlth   +                        (no amulet)
HPRegen 0.25/turn                (no ring)
MPRegen 0.00/turn                (no ring)

@: flying
A: sickness immunity, fire resistance 2, cold vulnerability 1, float, innate
caster, HP casting, extra vitality 1
a: Renounce Religion, Heroism


You were on level 3 of the Dungeon.
You worshipped Okawaru.
Okawaru was aware of your devotion.
You visited 1 branch of the dungeon, and saw 3 of its levels.

You collected 101 gold pieces.

Inventory:

Missiles
 c - 7 boomerangs of dispersal (quivered)
 m - 5 boomerangs
Armour
 a - a +0 leather armour
 i - a +0 ring mail (worn)
Scrolls
 b - 3 scrolls of blinking
 d - a scroll of vulnerability {unknown}
 e - 2 scrolls of enchant armour {unknown}
 f - a scroll of enchant weapon {unknown}
 h - a scroll of brand weapon {unknown}
 k - a scroll of teleportation {unknown}
Potions
 g - a potion of mutation {unknown}
 j - a potion of attraction {unknown}
 l - a potion of brilliance {unknown}


   Skills:
 - Level 2.4 Fighting
 - Level 0.7 Throwing
 - Level 1.0 Armour
 - Level 2.1 Dodging
 + Level 4.0 Unarmed Combat
 - Level 2.4 Spellcasting


You knew the following spells:

 Your Spells              Type           Power      Damage    Failure   Level
a - Blink                 Tloc           18%        N/A       26%         2
b - Lesser Beckoning      Tloc           18%        N/A       26%         2
c - Vhi's Electric Charg  Tloc/Air       18%        N/A       47%         3
d - Teleport Other        Tloc           9%         N/A       47%         3
e - Manifold Assault      Tloc           9%         N/A       87%         4
f - Sting                 Tmut/Pois      36%        1d4       19%         1
Your spell library was empty.

Dungeon Overview and Level Annotations

Branches:
Dungeon (3/15)

Altars:
Okawaru

Annotations:
D:2 Sigmund


Innate Abilities, Weirdness & Mutations

You are immune to sickness and miasma.
You are immune to poison.
Your flesh is very heat resistant. (rF++)
You are vulnerable to cold. (rC-)
You float through the air rather than walking.
You learn spells naturally, not from books.
Your magical power is your life essence.
You have superior vitality. (+4 MHP)


Message History

You are too injured to fight recklessly!
You closely miss the ufetubus.
The ufetubus hits you but does no damage. x2
You closely miss the ufetubus. The ufetubus hits you. x2
You barely miss the ufetubus. The ufetubus barely misses you.
The ufetubus hits you but does no damage.
The ufetubus barely misses you. x2
You barely miss the ufetubus.
The ufetubus hits you but does no damage.
The ufetubus barely misses you.
You hit the ufetubus.
The ufetubus is moderately wounded.
The ufetubus hits you.
The ufetubus hits you but does no damage.
You hit the ufetubus but do no damage.
The ufetubus is moderately wounded.
The ufetubus closely misses you.
The ufetubus hits you but does no damage.
The ufetubus hits you.
* * * LOW HITPOINT WARNING * * *
The ufetubus hits you.
* * * LOW HITPOINT WARNING * * *
You barely miss the ufetubus.
The ufetubus is moderately wounded.
The ufetubus hits you.
* * * LOW HITPOINT WARNING * * *
The ufetubus hits you but does no damage.
You hit the ufetubus.
The ufetubus is almost dead.
The ufetubus closely misses you. The ufetubus barely misses you.
You hit the ufetubus but do no damage.
The ufetubus is almost dead.
The ufetubus hits you.
* * * LOW HITPOINT WARNING * * *
The ufetubus hits you but does no damage.
The ufetubus barely misses you. The ufetubus completely misses you.
You miss the ufetubus.
The ufetubus is almost dead.
The ufetubus closely misses you. The ufetubus hits you.
You die...

#. #. #. #.
#.#+######
#........#
#........###
#.@........#
#5#........#
#.#........#
#.#........#
#.#....)...#
#.#.########
#.#.########### #
#.#...........#.#
###########.#.#


You could see an ufetubus.

Vanquished Creatures
  3 adders (D:2)
  A dart slug (D:1)
  A giant cockroach (D:1)
  9 goblins
  2 hobgoblins
  2 jackals (D:1)
  4 kobolds
  A quokka (D:1)
  4 ball pythons (D:1)
  4 bats
  3 frilled lizards
  2 rats (D:1)
36 creatures vanquished.

Notes
Turn   | Place    | Note
-------+----------+-------------------------------------------
     0 | D:1      | hellse the Djinni Warper began the quest for the Orb.
     0 | D:1      | hellse set off with the following spells memorised: Blink,
                  | Lesser Beckoning, Vhi's Electric Charge, Teleport Other,
                  | Manifold Assault.
     0 | D:1      | Reached XP level 1. HP: 18/18 MP: 0/0
   154 | D:1      | Reached XP level 2. HP: 22/24 MP: 0/0
   305 | D:1      | Reached XP level 3. HP: 11/29 MP: 0/0
   305 | D:1      | Learned a level 1 spell: Sting
   458 | D:1      | Reached skill level 3 in Unarmed Combat
   510 | D:1      | Found a faded altar of an unknown god.
   604 | D:1      | Prayed at the altar of an unknown god.
   604 | D:1      | Became a worshipper of Warmaster Okawaru
   604 | D:1      | Reached * piety under Okawaru
  1068 | D:2      | Reached XP level 4. HP: 20/34 MP: 0/0
  1079 | D:2      | Reached skill level 4 in Unarmed Combat
  1209 | D:2      | Noticed Sigmund
  1285 | D:2      | Identified the +4 whip "Zorea" {drain, rF++ rCorr Str-3
                  | Dex+2}
  1377 | D:3      | Slain by an ufetubus

Illustrated notes

Levels and vault maps discovered:
D:1:      dpeg_arrival_subterranean_lakeside_camping, layout_rooms,
          shapermc_ecumenical_altar_petra, feat_on_display
D:2:      layout_loops_cross, minmay_randomly_rotated_circles, uniq_sigmund
D:3:      layout_basic, hangedman_decor_push

Skill      XL: |  1  2  3  4 |
---------------+-------------+-----
Unarmed Combat | 3 4 |  4.0
Fighting       | |  2.4
Throwing       | |  0.7
Armour         | |  1.0
Dodging        | |  2.1
Spellcasting   | |  2.4

Action                     |  1- 3 |  4- 6 || total
---------------------------+-------+-------++-------
  Melee: Unarmed           |   148 |    35 ||   183
         Punch             |     3 |       ||     3
   Cast: Sting             |     2 |       ||     2
         Blink             |       |     1 ||     1
 Armour: Leather armour    |    27 |       ||    27
         Ring mail         |    16 |    20 ||    36
  Dodge: Dodged            |   104 |    31 ||   135

Table legend: (Time is in decaauts)
 A = Elapsed time spent in this place.
 B = Non-inter-level travel time spent in this place.
 C = Inter-level travel time spent in this place.
 D = Time resting spent in this place.
 E = Time spent auto-exploring this place.
 F = Levels seen in this place.
 G = Mean time per level.
                   A        B        C        D        E       F      G
               +--------+--------+--------+--------+--------+-----+--------+
         Total |   1366 |   1245 |    121 |    199 |    656 |   3 |  455.3 |
       Dungeon |   1366 |   1245 |    121 |    199 |    656 |   3 |  455.3 |
               +--------+--------+--------+--------+--------+-----+--------+

Top non-repeatable levels by time:
     D:1: 964 daAuts
     D:2: 344 daAuts
     D:3: 56 daAuts
